AoeStats
← SillySamurai

African Clearing

505296703Analyzed
4v4 RM · 25d ago on Sep 8, 2026· 40m 13s· 8 players
Game mode
Random Map
Map size
Large (8 player)
Population
200
Speed
Normal
Resources
Standard
Victory
Conquest
Starting age
Dark Age
Ending age
Imperial Age
RankedLock teamsTeams togetherTeam positionsShared explorationLock speedFull tech treeHidden civsTurbo modeCheats
Victory
Defeat
🇬🇧 Poles · United Kingdom
1276
+13
🇿🇦 Mongols · South Africa
1218
+15
🇿🇦 Saracens · South Africa
1218
+15
🇲🇦 Hindustanis · Morocco
1108
+20
🇦🇷 Shu · Argentina
1228
-17
🇺🇦 Huns · Ukraine
1199
-16
🇲🇽 Spanish · Mexico
1185
-15
🇧🇷 Vietnamese · Brazil
1177
-15
KINGUARDIANS
9:39 Loom
14:44 Feudal Age
19:55 Castle Age
21:08 Wheelbarrow
Морозець
4:39 Loom
16:00 Feudal Age
16:31 Double-Bit Axe
16:27 Horse Collar
21:44 Castle Age
20:40 Stone Mining
23:04 Heavy Plow
34:03 Bow Saw
37:28 Marauders
38:23 Husbandry
38:35 Bloodlines
elnegrovisioso
10:37 Loom
13:15 Feudal Age
15:17 Double-Bit Axe
16:30 Horse Collar
19:31 Wheelbarrow
18:51 Gold Mining
23:15 Castle Age
21:28 Fletching
21:52 Stone Mining
22:24 Padded Archer Armor
23:18 Crossbowman
23:57 Bodkin Arrow
24:12 Town Watch
24:43 Bow Saw
26:05 Ballistics
26:03 Squires
27:15 Thumb Ring
26:56 Pikeman
30:16 Leather Archer Armor
41:38 Imperial Age
Bile
15:35 Feudal Age
13:53 Loom
15:38 Feudal Age
16:30 Double-Bit Axe
20:03 Castle Age
19:29 Stone Mining
23:10 Town Watch
23:42 Bow Saw
26:08 Fishing Lines
28:29 Horse Collar
30:01 Fletching
30:55 Gold Mining
31:42 Bodkin Arrow
33:12 Chatras
33:10 Gillnets
34:36 Heavy Plow
35:31 Ballistics
36:01 Stone Shaft Mining
39:03 Imperial Age
36:51 Padded Archer Armor
37:52 Wheelbarrow
39:59 Leather Archer Armor
39:45 Bracer
40:46 Chemistry
39:45 Elite Battle Elephant
40:25 Husbandry
40:36 Bloodlines
DeepBlue_
3:39 Loom
13:49 Feudal Age
13:54 Man-at-Arms
22:56 Castle Age
20:40 Horse Collar
21:51 Stone Mining
22:16 Double-Bit Axe
24:17 Bow Saw
27:43 Fletching
30:16 Gold Mining
31:41 Scale Mail Armor
32:35 Forging
36:29 Iron Casting
36:10 Chain Mail Armor
38:15 Squires
41:15 Imperial Age
39:36 Wheelbarrow
39:35 Town Watch
40:27 Gold Shaft Mining
40:28 Stone Shaft Mining
40:28 Gold Shaft Mining
39:57 Heavy Plow
ScipioAfricanus
15:34 Feudal Age
17:03 Horse Collar
17:11 Double-Bit Axe
19:51 Wheelbarrow
22:37 Castle Age
21:48 Bloodlines
21:46 Scale Barding Armor
22:42 Forging
27:48 Iron Casting
27:35 Husbandry
28:13 Chain Barding Armor
Attila
11:39 Loom
13:24 Feudal Age
15:25 Double-Bit Axe
15:22 Horse Collar
15:31 Town Watch
18:39 Castle Age
17:17 Stone Mining
17:20 Gold Mining
19:34 Wheelbarrow
20:50 Bow Saw
25:55 Heavy Plow
27:34 Hand Cart
29:25 Stone Shaft Mining
32:48 Imperial Age
30:34 Fletching
31:17 Ballistics
31:19 Bodkin Arrow
32:11 Gold Shaft Mining
31:43 Nomads
32:38 Padded Archer Armor
32:49 Thumb Ring
33:29 Husbandry
33:39 Bloodlines
33:35 Bracer
33:55 Leather Archer Armor
34:51 Chemistry
34:23 Conscription
35:12 Parthian Tactics
35:45 Town Patrol
36:13 Elite Mangudai
37:34 Siege Engineers
38:04 Fortified Wall
38:45 Drill
38:50 Capped Ram
40:15 Coinage
39:45 Caravan
SillySamurai
14:39 Feudal Age
19:39 Castle Age
18:09 Double-Bit Axe
20:08 Loom
22:10 Gold Mining
22:33 Bow Saw
23:05 Town Watch
29:27 Horse Collar
31:16 Wheelbarrow
32:24 Hand Cart
34:21 Town Patrol
37:21 Imperial Age
35:32 Scale Barding Armor
36:42 Chain Barding Armor
36:58 Treadmill Crane
37:35 Forging
37:16 Fletching
37:39 Heavy Plow
37:53 Bloodlines
37:43 Husbandry
38:39 Conscription
38:21 Elite Mameluke
41:14 Chemistry
40:36 Ballistics
41:19 Plate Barding Armor
41:19 Iron Casting
Connection lost

Rejoining the realm…

Still unreachable

The connection could not be restored.

Session expired

The server has moved on; the page needs a fresh start.